 Dungeon Crawl Stone Soup version 0.29-a0-283-ga02f740833 (webtiles) character file.

Game seed: 10730829928702633150

101 Dabor the Covered (level 4, -1/29 HPs)
             Began as a Gargoyle Fighter on Mar 13, 2022.
             Killed by divine providence
             ... invoked by an orc priest
              (15 damage)
             ... on level 2 of the Dungeon.
             The game lasted 00:01:45 (1359 turns).

Dabor the Covered (Gargoyle Fighter)                Turns: 1359, Time: 00:01:46

Health: -1/29      AC: 14    Str: 21    XL:     4   Next: 75%
Magic:  4/4        EV:  9    Int:  9    God:
Gold:   76         SH:  4    Dex:  9    Spells: 3/3 levels left

rFire   . . .      SeeInvis .   a - +0 flail
rCold   . . .      Faith    .   c - +0 buckler
rNeg    + . .      Spirit   .   b - +0 scale mail
rPois   ∞          Reflect  .   (no helmet)
rElec   +          Harm     .   (no cloak)
rCorr   .          Rampage  .   (no gloves)
Will    .....                   (no boots)
Stlth   ..........              (no amulet)
HPRegen 0.09/turn               g - +4 ring of protection
MPRegen 0.09/turn               (no ring)

@: no status effects
A: sickness immunity, AC +3, negative energy resistance 1, electricity
resistance, torment resistance 1, petrification resistance
a: no special abilities


You were on level 2 of the Dungeon.
You visited 1 branch of the dungeon, and saw 2 of its levels.

You collected 76 gold pieces.

Inventory:

Hand Weapons
 a - a +0 flail (weapon)
Armour
 b - a +0 scale mail (worn)
 c - a +0 buckler (worn)
Jewellery
 e - an amulet of faith
 g - a +4 ring of protection (left hand)
Scrolls
 f - 5 scrolls of teleportation {unknown}
 j - a scroll of fog {unknown}
 m - a scroll of identify {unknown}
Potions
 d - a potion of might
 h - a potion of heal wounds {unknown}
 i - a potion of haste {unknown}
 k - a potion of flight {unknown}
 l - 3 potions of lignification {unknown}


   Skills:
 + Level 4.0 Fighting
 + Level 2.9 Maces & Flails
 + Level 4.1 Armour
 + Level 4.0 Shields


You had 3 spell levels left.
You didn't know any spells.
Your spell library contained the following spells:

 Spells                   Type           Power      Damage    Failure   Level
 Ensorcelled Hibernation  Hex/Ice        0%         N/A       91%         2
 Passwall                 Tmut/Erth      0%         N/A       91%         2
 Swiftness                Air            0%         N/A       99%         3


Dungeon Overview and Level Annotations

Branches:
Dungeon (2/15)

Altars:


Innate Abilities, Weirdness & Mutations

You are immune to sickness and miasma.
Your stone body is resilient. (AC +3)
You are immune to poison.
You resist negative energy. (rN+)
You are resistant to electric shocks. (rElec)
You are resistant to unholy torment.
You are immune to petrification.


Message History

No target in view!
No target in view!
No target in view!
No target in view!
No target in view!
No target in view!
No target in view!
No target in view!
No target in view!
No target in view!
No target in view!
No target in view!
No target in view!
No target in view!
No target in view!
No target in view!
No target in view!
No target in view!
No target in view!
No target in view!
No target in view!
No target in view!
No target in view!
The orc priest miscasts a cantrip.
You see here a +0 whip.
The orc barely misses you.
The orc priest calls down the wrath of Beogh upon you.
Beogh smites you!
Ouch! That really hurt!
The orc attacks as you move away! The orc hits you but does no damage.
You see here a +0 whip.
Sorry, you're not good enough to have a special ability.
You are too injured to fight recklessly!
You hit the orc.
The orc is almost dead.
You block the orc's attack.
The orc priest mumbles some strange prayers to Beogh against something.
Beogh smites you!
Ouch! That really hurt!
You die...

...........###......
#...8...8..##..#### #
#..........$#......
##.##..........⌠#......
.........o.....$#..####
........8o..8..##..#
.###oo.o....###..#### #
#o#########.......
###.###@..........####..
.......†......##### #
..............#
..............#
###...........#
#......>....# #
#...........# #
#...........#
#...........#


You could see an orc priest and 3 orcs.

Vanquished Creatures
  A scorpion (D:2)
  2 adders (D:2)
  An orc (D:2)
  A giant cockroach (D:2)
  4 hobgoblins
  2 jackals (D:2)
  A kobold (D:2)
  2 quokkas
  A bat (D:2)
  A frilled lizard (D:2)
  2 goblins
  3 rats
21 creatures vanquished.

Notes
Turn   | Place    | Note
-------+----------+-------------------------------------------
     0 | D:1      | Dabor the Gargoyle Fighter began the quest for the Orb.
     0 | D:1      | Reached XP level 1. HP: 14/14 MP: 1/1
   812 | D:2      | Reached XP level 2. HP: 17/19 MP: 2/2
   855 | D:2      | Noticed a scorpion
   874 | D:2      | Killed a scorpion
   875 | D:2      | Reached XP level 3. HP: 15/24 MP: 3/3
   875 | D:2      | Reached XP level 4. HP: 18/29 MP: 4/4
  1359 | D:2      | Killed from afar by an orc priest

Illustrated notes

Levels and vault maps discovered:
D:1:      nzn_arrival_water_spiral, layout_loops_ring,
          amcnicky_mini_corridor_feature, minmay_misc_feat_doors,
          serial_bayou_lagoon_b
D:2:      cheibrodos_pilgrimage, layout_basic

Skill      XL: |  1  2 |
---------------+-------+-----
Fighting       | 4 |  4.0
Armour         | 4 |  4.1
Shields        | 4 |  4.0
Maces & Flails | |  2.9

Action                   |  1- 3 |  4- 6 || total
-------------------------+-------+-------++-------
Melee: Flail             |    43 |    57 ||   100
Armor: Scale mail        |    31 |    41 ||    72
Dodge: Dodged            |    18 |    36 ||    54
Block: Buckler           |     5 |    14 ||    19

Table legend: (Time is in decaauts)
 A = Elapsed time spent in this place.
 B = Non-inter-level travel time spent in this place.
 C = Inter-level travel time spent in this place.
 D = Time resting spent in this place.
 E = Time spent auto-exploring this place.
 F = Levels seen in this place.
 G = Mean time per level.
                   A        B        C        D        E       F      G
               +--------+--------+--------+--------+--------+-----+--------+
         Total |   1413 |   1400 |     13 |      0 |   1134 |   2 |  706.5 |
       Dungeon |   1413 |   1400 |     13 |      0 |   1134 |   2 |  706.5 |
               +--------+--------+--------+--------+--------+-----+--------+

Top non-repeatable levels by time:
     D:1: 796 daAuts
     D:2: 616 daAuts
